 Dungeon Crawl Stone Soup version 0.16.2-12-gd0ad4c3 (webtiles) character file.

694661 faibistes the Archmage (level 27, -1/159 (164) HPs)
             Began as a Deep Elf Wizard on Apr 15, 2019.
             Was the Champion of Sif Muna.
             Killed from afar by an orb of fire (41 damage)
             ... with a fireball
             ... on level 5 of the Realm of Zot on Apr 22, 2019.
             The game lasted 06:44:49 (130285 turns).

faibistes the Archmage (Deep Elf Wizard)          Turns: 130285, Time: 06:44:49

HP:   -1/159 (164)  AC: 22    Str:  4      XL:     27
MP:   0/69          EV: 17    Int: 53      God:    Sif Muna [******]
Gold: 4813          SH:  0    Dex: 12 (16) Spells: 11 memorised, 1 level left

rFire  + . .     SeeInvis .     w - staff of power
rCold  + . .     Clarity  .     R - +2 robe {Archmagi}
rNeg   + + +     SustAb   .     (no shield)
rPois  ∞         Gourm    .     B - +3 hat of Pondering {ponderous, MR+ MP+10 Int+5}
rElec  .         Spirit   .     j - +2 cloak {MR+}
rCorr  .         Warding  .     F - +2 pair of gloves {Dex+3}
rMut   .         Stasis   .     o - +2 pair of boots {run}
MR     +++++                    g - amulet "Trownu" {Inacc rF+ Int+7}
Stlth  ++........               b - +4 ring of intelligence
                                l - ring of wizardry

@: lich-form (expiring), very slightly contaminated, hasted, very quick, almost
entirely resistant to hostile enchantments, unstealthy
A: no striking features
a: End Transformation, Channel Energy, Forget Spell, Renounce Religion
}: 3/15 runes: serpentine, barnacled, silver


You were on level 5 of the Realm of Zot.
You worshipped Sif Muna.
Sif Muna was exalted by your worship.
You were not hungry.
You were a lich.
You visited 11 branches of the dungeon, and saw 57 of its levels.
You also visited: Trove.

You collected 9162 gold pieces.
You spent 4349 gold pieces at shops.

Inventory:

Armour
 j - a +2 cloak of magic resistance (worn)
 o - a +2 pair of boots of running (worn)
 B - the +3 hat of Pondering (worn) {ponderous, MR+ MP+10 Int+5}
   (You took it off Gastronok on level 8 of the Dungeon)

   It affects your intelligence (+5).
   It affects your resistance to hostile enchantments.
   It affects your magic capacity (+10).
 F - a +2 pair of gloves of dexterity (worn)
 R - a +2 robe of the Archmagi (worn)
Magical staves
 u - an uncursed staff of air
 w - an uncursed staff of power (weapon)
Jewellery
 b - a +4 ring of intelligence (right hand)
 g - the amulet "Trownu" (around neck) {Inacc rF+ Int+7}
   (You found it on level 3 of the Snake Pit)

   [amulet of inaccuracy]

   It reduces the accuracy of all your attacks.
   It affects your intelligence (+7).
   It protects you from fire.
 l - a ring of wizardry (left hand)
 X - an uncursed ring of see invisible
 Y - an uncursed amulet of resist mutation
Magical devices
 a - a wand of fire (6)
 e - a wand of hasting (5)
 t - a wand of teleportation (5)
 x - a wand of heal wounds (5)
 y - a wand of teleportation (6)
 H - a wand of cold (6)
 K - a wand of fireball (5)
 L - a wand of lightning (4)
 N - a wand of cold (8)
 Q - a wand of cold (8)
Scrolls
 d - 6 scrolls of identify
 i - 16 scrolls of teleportation
 k - 15 scrolls of remove curse
 m - 9 scrolls of magic mapping
 p - 2 scrolls of torment
 q - 7 scrolls of blinking
 v - 5 scrolls of holy word
 A - 13 scrolls of recharging
 I - 6 scrolls of fog
 M - 5 scrolls of fear
Potions
 c - 7 potions of ambrosia
 f - 8 potions of brilliance
 n - 7 potions of haste
 r - 22 potions of curing
 s - a potion of invisibility
 z - 7 potions of restore abilities
 C - 2 potions of resistance
 D - 2 potions of cancellation
 E - 12 potions of heal wounds
 P - 6 potions of cure mutation
 T - 5 potions of magic
 U - 2 potions of flight
Miscellaneous
 G - a phial of floods
Comestibles
 h - 23 meat rations
 O - 30 royal jellies
 W - 2 bread rations


   Skills:
 + Level 14.9 Fighting
 - Level 10.0 Dodging
 - Level 2.4 Stealth
 O Level 27 Spellcasting
 + Level 21.0 Conjurations
 - Level 11.0 Charms
 - Level 1.1 Summonings
 * Level 13.0 Necromancy
 - Level 11.0 Translocations
 - Level 10.1 Transmutations
 + Level 21.6 Fire Magic
 * Level 18.0 Ice Magic
 - Level 6.4 Air Magic
 + Level 21.7 Earth Magic
   Level 2.9 Poison Magic
 - Level 10.0 Invocations
 - Level 9.0 Evocations


You had one spell level left.
You knew the following spells:

 Your Spells              Type           Power        Failure   Level  Hunger
a - Lehudib's Crystal Sp  Conj/Erth      #########.   1%          8    N/A
b - Death's Door          Chrm/Necr      #########.   3%          8    N/A
c - Glaciate              Conj/Ice       #########.   1%          9    N/A
d - Controlled Blink      Tloc           N/A          1%          7    N/A
e - Necromutation         Trmt/Necr      #########.   4%          8    N/A
f - Deflect Missiles      Chrm/Air       ########..   1%          6    N/A
h - Haste                 Chrm           ########     1%          6    N/A
i - Shadow Creatures      Summ           N/A          1%          5    N/A
l - Shatter               Erth           #########.   1%          9    N/A
x - Force Lance           Conj/Tloc      ########     0%          4    N/A
z - Fire Storm            Conj/Fire      #########.   1%          9    N/A

Dungeon Overview and Level Annotations

Branches:
Dungeon (15/15)            Temple (1/1) D:5            Lair (8/8) D:8
 Shoals (5/5) Lair:3        Snake (5/5) Lair:4        Slime (0/6) Lair:8
    Orc (4/4) D:12            Elf (3/3) Orc:4        Vaults (5/5) D:14
  Crypt (0/3) Vaults:2     Depths (5/5) D:15           Hell (1/1)
    Dis (0/7) Hell            Geh (0/7) Hell            Coc (0/7) Hell
    Tar (0/7) Hell            Zot (5/5) Depths:5

Altars:
Ashenzari
Cheibriados
Dithmenos
Elyvilon
Fedhas
Gozag
Kikubaaqudgha
Makhleb
Nemelex Xobeh
Okawaru
Qazlal
Ru
Sif Muna
Trog
Vehumet
Xom
Yredelemnul
Zin
The Shining One
Beogh
Jiyva

Shops:
D:11 [[   Orc:3 =   Orc:4 [(%(   Elf:1 (   Shoals:3 *   Shoals:5 !   Snake:5 }
Vaults:1 =   Vaults:2 (   Vaults:3 (   Depths:5 }%*

Portals:
Hell: Lair:8 Depths:1 Depths:2 Depths:3 Depths:4 Depths:5
Abyss: Depths:4
Pandemonium: Depths:2 Depths:3 Depths:5
Ziggurat: Depths:2


Message History

The orb of fire glows yellow.
The fireball explodes!
The fireball engulfs you! You resist.
The orb of fire glows red.
The fireball explodes!
The fireball engulfs you! You resist.
* * * LOW HITPOINT WARNING * * *
Casting: Glaciate
Confirm with . or Enter, or press ? or * to list all spells.
Aiming: Glaciate
Press: ? - help, Shift-Dir - straight line, f - orb of fire
Aim: an orb of fire (lightly damaged)
You feel a surge of power!
You conjure a mighty blast of ice!
The great icy blast engulfs the orb of fire.
The orb of fire partially resists.
The orb of fire is moderately damaged.
The orb of fire is flash-frozen.
The orb of fire glows deep purple.
The fireball explodes!
You hear a sizzling sound! x2
The fireball engulfs you! You resist.
You die...

....# #.......)......:...........
....# #........§§§).(............
....# #.......§§§§§*v............
....# #........§§§§§.............
....# #........§§§§.v............
....# #........§§§########.......
....# #..........§# ##......
#÷..# #..........###########.....
#...# #.........L....8...........
#...# #..........................
#...# #..........................
#...# #..........................
#...# #########..................
#...# #.........(.........
#...##########...................
#................................
#................................


You could see an orb of fire.

Vanquished Creatures
  4 orbs of fire
  6 ancient liches
  2 shard shrikes (Zot:3)
  5 caustic shrikes
  3 curse toes
  2 Killer Klowns (Zot:5)
  Mara (Vaults:4)
  Geryon (Hell)
  The ghost of faibistes the Sorcerer, a great DEWz of Sif Muna (Depths:1)
  11 golden dragons
  Jory (Vaults:4)
  Frederick (Vaults:4)
  Nikola (Snake:2)
  3 electric golems (Zot:5)
  24 tentacled monstrosities
  13 Orb Guardians (Zot:5)
  2 deep elf blademasters
  A deep elf master archer (Elf:3)
  6 liches
  5 titans
  2 krakens
  An octopode crusher (Depths:2)
  9 shadow dragons
  Rupert (Lair:8)
  3 ancient champions
  2 sphinxes
  Kirke (Elf:2)
  6 tengu reavers
  An azure jelly (shapeshifter) (Vaults:5)
  17 storm dragons
  3 draconian monks
  A revenant (Vaults:2)
  Ilsuiw (Shoals:5)
  A ghost moth (Zot:4)
  16 frost giants
  11 greater nagas
  Wiglaf (Vaults:2)
  Maud (D:14)
  13 vault wardens
  6 draconian scorchers
  6 fire giants
  Aizul (Snake:2)
  6 draconian zealots
  4 iron dragons
  9 deep elf sorcerers (Elf:3)
  3 draconian knights
  An orc warlord (Orc:4)
  A balrug (Hell)
  A caustic shrike zombie (D:15)
  5 emperor scorpions
  2 spriggan defenders (Depths:4)
  Gastronok (D:8)
  2 cacodemons
  A draconian shifter (Zot:1)
  8 draconian annihilators
  20 ironheart preservers
  A war gargoyle (Hell)
  18 very ugly things
  2 draconian callers
  26 stone giants
  5 reapers (Hell)
  2 vampire knights
  8 grey draconians
  7 green draconians
  4 salamander firebrands (Hell)
  3 black draconians
  6 deep elf demonologists
  13 purple draconians
  4 dire elephants
  4 white draconians
  6 red draconians
  7 deep elf annihilators
  A lorocyproca (Hell)
  15 ettins
  6 yellow draconians
  6 mottled draconians
  2 pale draconians
  9 merfolk javelineers
  An unborn (Hell)
  Snorg (Lair:8)
  A blizzard demon (Hell)
  8 deep elf death magi
  A green death (Hell)
  23 fire dragons
  A minotaur (Depths:3)
  31 vault guards
  Josephine (Orc:3)
  15 merfolk impalers
  11 deep elf high priests
  10 yaktaur captains
  9 death cobs
  A kraken zombie (Hell)
  4 great orbs of eyes
  9 hydras
  Fannar (Lair:6)
  Harold (Lair:4)
  2 hell beasts
  17 naga warriors
  Nessos (Shoals:2)
  23 ice dragons
  4 spriggan air magi
  12 rakshasas
  Erica (Lair:4)
  2 alligator snapping turtles
  4 satyrs
  6 merfolk avatars
  An anaconda (shapeshifter) (Vaults:5)
  4 deep troll earth magi
  18 centaur warriors
  12 anacondas
  13 dancing weapons
  6 merfolk aquamancers
  21 ogre magi
  24 death yaks
  3 tengu warriors
  6 deep troll shamans
  An orc high priest (Elf:1)
  4 hell hogs
  10 naga sharpshooters
  Urug (D:11)
  6 spriggan berserkers
  9 shock serpents
  Nergalle (Lair:5)
  5 iron trolls
  4 fire crabs
  A shadow wraith (Vaults:2)
  4 spriggans
  Erolcha (D:11)
  A storm dragon zombie (Depths:3)
  4 salamander mystics
  4 sun demons
  4 unseen horrors
  5 soul eaters
  32 deep elf knights
  5 ice devils
  5 hell knights
  2 shadow demons
  17 sea snakes
  A giant orange brain (Depths:5)
  46 skeletal warriors
  3 storm dragon skeletons
  2 anaconda zombies (Hell)
  A torturous demonspawn (Depths:5)
  17 ironbrand convokers
  3 flayed ghosts
  13 naga ritualists
  16 deep elf summoners
  23 orc knights
  7 wizards
  2 tengu zombies
  An infernal demonspawn (Depths:5)
  A lindwurm (Lair:8)
  21 deep elf conjurers
  2 wolf spider zombies
  32 deep trolls
  13 hill giants
  A stone giant zombie (D:15)
  A harpy (shapeshifter) (Vaults:4)
  14 necromancers
  5 hornets
  A shadow dragon skeleton (Vaults:4)
  An oklob plant (Lair:8)
  4 orc sorcerers
  5 cyclopes
  3 wolf spiders
  A fire giant zombie (Hell)
  70 ugly things
  17 moths of wrath
  A moth of wrath (shapeshifter) (Vaults:5)
  10 water nymphs
  21 griffons
  23 harpies
  22 salamanders
  14 mana vipers
  2 phantasmal warriors (Vaults:2)
  A cyclops (shapeshifter) (D:12)
  22 elephants
  13 manticores
  15 fauns
  2 stone giant skeletons
  A frost giant zombie (Vaults:4)
  6 sirens
  2 octopodes (shapeshifter)
  2 gargoyles
  2 sixfirhies
  56 black mambas
  4 drowned souls
  A frost giant skeleton (D:15)
  6 smoke demons
  Maurice (Orc:1)
  2 guardian serpents (shapeshifter)
  Joseph (D:8)
  2 spiny frogs (shapeshifter)
  2 torpor snails (Depths:4)
  A dire elephant skeleton (Hell)
  4 guardian serpents
  A rust devil (Depths:2)
  12 vault sentinels
  2 orange demons
  6 centaur skeletons
  14 spiny frogs
  A catoblepas zombie (Hell)
  A red draconian zombie (Depths:5)
  29 naga magi
  2 hellions
  An efreet (D:15)
  An elf (shapeshifter) (Depths:3)
  A kobold demonologist (Depths:4)
  An anaconda simulacrum (Hell)
  A purple draconian zombie (Depths:5)
  28 deep elf priests
  A guardian mummy (D:15)
  54 yaktaurs
  A yaktaur (shapeshifter) (Vaults:5)
  A troll (shapeshifter) (Elf:1)
  9 fire drakes
  The ghost of faibistes the Thaumaturge, an experienced DEWz (D:7)
  3 hellwings
  31 two-headed ogres
  2 yaktaur skeletons (Vaults:5)
  A golden dragon simulacrum (Hell)
  3 freezing wraiths
  5 blue devils
  A queen bee (Lair:4)
  A polar bear (Lair:6)
  3 tengu conjurers
  A wandering mushroom (Zot:5)
  9 komodo dragons
  10 red devils
  A harpy zombie (Hell)
  55 merfolk
  A hydra zombie (Hell)
  29 fire vortices
  6 wind drakes
  A minotaur skeleton (Depths:1)
  Prince Ribbit (D:9)
  2 human simulacra
  7 boulder beetles
  2 ice dragon zombies
  40 slime creatures
  3 wind drakes (shapeshifter)
  8 trolls
  A jumping spider (Elf:1)
  5 ravens
  A basilisk (Lair:8)
  An ettin zombie (Hell)
  A raiju (shapeshifter) (Vaults:1)
  12 blink frogs
  A frost giant simulacrum (Vaults:5)
  A basilisk (shapeshifter) (Vaults:2)
  A slime creature (shapeshifter) (D:12)
  5 air elementals
  12 snapping turtles
  2 elf zombies
  A wyvern (D:9)
  A hog (shapeshifter) (Vaults:2)
  A vampire (Depths:3)
  20 water elementals
  A tarantella (Vaults:5)
  2 ynoxinuls
  10 wraiths
  6 fire elementals
  A yak (shapeshifter) (Vaults:1)
  52 yaks
  A trapdoor spider (Vaults:1)
  41 deep elf magi
  An ettin skeleton (Vaults:4)
  2 steam dragons
  A chaos spawn (Depths:2)
  6 redbacks
  20 humans (D:14)
  3 hungry ghosts
  Grum (D:11)
  54 deep elf fighters
  21 hippogriffs
  5 hogs (Elf:2)
  21 wolves
  18 vampire mosquitoes
  4 mottled dragons
  14 hell hounds
  49 nagas
  8 wargs
  An ettin simulacrum (Depths:1)
  43 water moccasins
  2 spiny frog zombies (Hell)
  A spectral elf (Vaults:2)
  5 ice beasts
  3 sky beasts
  5 swamp drakes (Depths:2)
  A black bear (D:12)
  18 porcupines
  An alligator simulacrum (Hell)
  54 ogres
  3 necrophages
  A snapping turtle zombie (Hell)
  69 orc warriors
  6 phantoms
  3 boggarts (Vaults:2)
  2 eyes of draining (D:12)
  A boring beetle (Lair:8)
  A centaur (shapeshifter) (Depths:2)
  4 wasps
  32 centaurs
  A crocodile (shapeshifter) (Vaults:2)
  2 big kobolds (Depths:4)
  A brain worm (D:12)
  14 crocodiles
  Blork the orc (D:5)
  18 giant frogs
  An ogre simulacrum (Vaults:1)
  9 jellies
  A spiny frog simulacrum (Hell)
  A gnoll sergeant (D:7)
  5 scorpions
  A manticore simulacrum (Hell)
  26 killer bees
  20 wights
  16 crimson imps
  2 quasits
  37 orc priests
  3 electric eels
  5 goliath beetles
  3 centaur zombies
  3 giant frog zombies
  3 giant frog skeletons
  21 hounds
  4 human skeletons
  7 human zombies (D:10)
  4 iron imps
  11 worker ants
  40 orc wizards
  5 hell rats
  5 iguanas
  An ogre zombie (D:10)
  60 sheep
  A hound skeleton (D:6)
  A mummy (D:10)
  13 gnolls
  95 river rats
  25 adders
  3 shadow imps
  7 white imps
  3 worms
  A giant mite (D:4)
  An ufetubus (Depths:3)
  3 adder skeletons
  A spectral gnoll (Vaults:2)
  An adder zombie (D:5)
  3 orc skeletons (Orc:4)
  6 giant geckos
  6 oozes
  261 orcs
  A bat skeleton (D:7)
  A bat zombie (D:7)
  6 giant cockroaches
  21 goblins
  19 hobgoblins
  8 jackals
  5 ball pythons
  18 bats
  A giant cockroach zombie (D:5)
  8 giant newts
  2 giant spores
  17 kobolds
  An orc zombie (D:11)
  19 quokkas
  2 quokka skeletons
  A quokka zombie (D:5)
  16 rats
  7 ballistomycetes
  4 blocks of ice
  2 bushes (Lair:8)
  14 fungi
  13 plants
3423 creatures vanquished.

Vanquished Creatures (collateral kills)
  2 golden dragons
  2 liches (Vaults:5)
  A tentacled monstrosity (Depths:4)
  A deep elf master archer (Elf:3)
  A sphinx (Depths:2)
  2 storm dragons
  2 frost giants (Zot:3)
  A deep elf sorcerer (Elf:3)
  A caustic shrike zombie (Depths:3)
  An emperor scorpion (Depths:3)
  2 stone giants
  A mottled draconian (Zot:2)
  A deep elf annihilator (Elf:3)
  2 black draconians
  A white draconian (Depths:5)
  3 death yaks
  A fire giant skeleton (Depths:1)
  2 moths of wrath
  A yaktaur (Vaults:4)
  A small abomination (Elf:3)
  A blink frog (Lair:2)
  2 ice dragon zombies
  A deep elf fighter (Vaults:4)
  A deep elf mage (Elf:3)
  A water moccasin (D:7)
  An ice beast (D:7)
  3 killer bees (Lair:4)
  2 orc wizards (Orc:4)
  A worker ant (D:3)
  A gnoll (D:7)
  An adder (D:3)
  2 ufetubi (Depths:3)
  An ooze (D:1)
  18 orcs
  2 hobgoblins
  A crawling corpse (Elf:3)
68 creatures vanquished.

Vanquished Creatures (others)
  An eldritch tentacle (Depths:3)
  A storm dragon (Zot:2)
  A draconian zealot (Zot:3)
  2 purple draconians (Zot:3)
  A pale draconian (Zot:3)
  A yellow draconian (Zot:3)
  A fire dragon (Lair:7)
  An ice dragon (Zot:1)
  2 spriggan berserkers (Depths:1)
  A tengu zombie (Vaults:1)
  An orc knight (Vaults:1)
  A tengu skeleton (Depths:3)
  5 moths of wrath
  A drowned soul (Shoals:2)
  388 fire vortices
  A slime creature (Depths:2)
  A vampire mosquito (Vaults:1)
  A wasp (D:11)
  3 lost souls (Elf:3)
  A lightning spire (Orc:4)
  A killer bee (Lair:4)
  A crimson imp (D:7)
  A shadow imp (D:7)
  4 white imps
  3 orcs
  2 giant spores
  9 blocks of ice
  129 eldritch tentacle segments (Depths:3)
  61 fungi
  33 plants
  14 tentacles
  84 tentacle segments (Hell)
757 creatures vanquished.

Grand Total: 4248 creatures vanquished

Notes
Turn   | Place    | Note
--------------------------------------------------------------
     0 | D:1      | faibistes, the Deep Elf Wizard, began the quest for the Orb.
     0 | D:1      | Reached XP level 1. HP: 10/10 MP: 6/6
   473 | D:1      | Found a shimmering altar of Xom.
   479 | D:2      | Reached XP level 2. HP: 15/15 MP: 8/10
   518 | D:2      | Learned a level 2 spell: Blink
   521 | D:2      | Learned a level 2 spell: Call Imp
  1199 | D:2      | Reached XP level 3. HP: 19/19 MP: 11/13
  1204 | D:2      | Learned a level 3 spell: Conjure Flame
  1208 | D:2      | Learned a level 3 spell: Mephitic Cloud
  1796 | D:2      | Found a deep blue altar of Sif Muna.
  1804 | D:2      | Reached skill level 5 in Spellcasting
  1813 | D:2      | Became a worshipper of Sif Muna the Loreminder
  2174 | D:2      | Found an opulent altar of Gozag.
  2422 | D:3      | Reached XP level 4. HP: 13/24 MP: 10/17
  2662 | D:3      | Learned a level 2 spell: Repel Missiles
  2869 | D:3      | Reached XP level 5. HP: 5/28 MP: 6/20
  3515 | D:3      | Reached skill level 6 in Spellcasting
  4160 | D:4      | Acquired Sif Muna's first power
  4333 | D:4      | Reached XP level 6. HP: 3/32 MP: 11/22
  4619 | D:5      | Entered Level 5 of the Dungeon
  4675 | D:4      | Reached skill level 1 in Air Magic
  4714 | D:4      | Reached skill level 1 in Fire Magic
  4862 | D:4      | Noticed a phantom
  4872 | D:4      | Killed a phantom
  4872 | D:4      | Reached skill level 1 in Poison Magic
  4918 | D:4      | Found a shattered altar of Ashenzari.
  5102 | D:4      | Reached XP level 7. HP: 36/36 MP: 1/24
  5659 | D:5      | Noticed Blork the orc
  5680 | D:5      | Killed Blork the orc
  5680 | D:5      | Reached skill level 7 in Spellcasting
  5684 | D:5      | Reached skill level 5 in Conjurations
  5724 | D:5      | Found a basalt altar of Yredelemnul.
  5917 | D:5      | Found a shimmering altar of Xom.
  6151 | D:5      | Acquired Sif Muna's second power
  6355 | D:5      | Found a staircase to the Ecumenical Temple.
  6362 | Temple   | Entered the Ecumenical Temple
  6696 | D:5      | Found a snail-covered altar of Cheibriados.
  7013 | D:5      | Reached XP level 8. HP: 41/41 MP: 24/27
  7371 | D:7      | Reached skill level 8 in Spellcasting
  7668 | D:6      | Reached skill level 5 in Dodging
  8254 | D:6      | Found a burning altar of Makhleb.
  9055 | D:6      | Reached XP level 9. HP: 45/45 MP: 14/29
  9149 | D:6      | Reached skill level 9 in Spellcasting
  9405 | D:8      | Noticed Gastronok
  9414 | D:7      | Reached skill level 1 in Charms
  9414 | D:7      | Reached skill level 1 in Evocations
  9615 | D:7      | Reached skill level 1 in Invocations
  9796 | D:8      | Killed Gastronok
  9796 | D:8      | Acquired Sif Muna's third power
  9796 | D:8      | Reached skill level 1 in Fighting
  9796 | D:8      | Reached skill level 5 in Fire Magic
  9821 | D:7      | Noticed faibistes' ghost (experienced DEWz)
 10095 | D:7      | Killed faibistes' ghost
 10095 | D:7      | Reached skill level 10 in Spellcasting
 10623 | D:7      | Reached XP level 10. HP: 53/53 MP: 18/31
 11266 | D:7      | Found a radiant altar of Vehumet.
 11277 | D:7      | Found a burning altar of Makhleb.
 11929 | D:8      | Noticed Joseph
 11951 | D:8      | Killed Joseph
 12224 | D:8      | Found a staircase to the Lair.
 13182 | D:10     | Entered Level 10 of the Dungeon
 13750 | D:9      | Noticed Prince Ribbit
 13756 | D:9      | Killed Prince Ribbit
 14276 | D:9      | Learned a level 4 spell: Airstrike
 14280 | D:9      | Learned a level 3 spell: Dazzling Spray
 14286 | D:9      | Learned a level 5 spell: Phase Shift
 14404 | Lair:1   | Entered Level 1 of the Lair of Beasts
 14434 | Lair:1   | Reached skill level 5 in Invocations
 14598 | Lair:1   | Reached skill level 5 in Charms
 15030 | Lair:1   | Reached XP level 11. HP: 49/59 MP: 16/32
 15120 | Lair:1   | Reached skill level 11 in Spellcasting
 15436 | Lair:1   | Noticed a seven-headed hydra
 15444 | Lair:1   | Killed a seven-headed hydra
 15444 | Lair:1   | Received a gift from Sif Muna
 15445 | Lair:1   | Identified Sif Muna's Spellweaving in Simple Steps (Sif Muna gifted it to you on level 1 of the Lair of Beasts)
 15451 | Lair:1   | Learned a level 4 spell: Petrify
 16272 | Lair:2   | Reached skill level 1 in Transmutations
 16275 | Lair:2   | Reached skill level 1 in Earth Magic
 16277 | Lair:2   | Reached skill level 5 in Air Magic
 16604 | Lair:2   | Reached skill level 5 in Evocations
 16776 | Lair:3   | Noticed a four-headed hydra
 17057 | Lair:2   | Killed a four-headed hydra
 17576 | Lair:2   | Learned a level 4 spell: Sticky Flame
 18877 | Lair:4   | Reached XP level 12. HP: 43/64 MP: 6/34
 18980 | Lair:5   | Noticed Nergalle
 19144 | Lair:5   | Killed Nergalle
 19144 | Lair:5   | Received a gift from Sif Muna
 19145 | Lair:5   | Identified Sif Muna's Almanac of Vitriolic Good Luck (Sif Muna gifted it to you on level 5 of the Lair of Beasts)
 19231 | Lair:5   | Learned a level 2 spell: Shroud of Golubria
 19469 | Lair:4   | Identified the Almanac of Necromancy
 19479 | Lair:4   | Noticed Harold
 19494 | Lair:4   | Killed Harold
 19494 | Lair:4   | Reached skill level 5 in Translocations
 20418 | Lair:3   | Found a staircase to the Shoals.
 20817 | Lair:4   | Noticed a naga warrior
 20825 | Lair:4   | Found a staircase to the Snake Pit.
 20827 | Lair:4   | Noticed Erica
 20879 | Lair:3   | Reached skill level 12 in Spellcasting
 21038 | Lair:4   | Killed a naga warrior
 21324 | Lair:4   | Identified a scroll of acquirement
 21325 | Lair:4   | Identified Iskenderun's Reference Book on Scorching Arcane Weapons (You acquired it on level 4 of the Lair of Beasts)
 21334 | Lair:4   | Learned a level 6 spell: Bolt of Fire
 21344 | Lair:4   | Killed Erica
 21722 | Lair:4   | Reached skill level 5 in Earth Magic
 22471 | Lair:4   | Noticed a seven-headed hydra
 22481 | Lair:4   | Killed a seven-headed hydra
 23231 | Lair:5   | Noticed a fire crab
 23238 | Lair:5   | Killed a fire crab
 23769 | Lair:6   | Reached XP level 13. HP: 40/70 MP: 16/36
 23911 | Lair:6   | Noticed a four-headed hydra
 23935 | Lair:6   | Killed a four-headed hydra
 24404 | Lair:6   | Received a gift from Sif Muna
 24405 | Lair:6   | Identified Sif Muna's Disquisition on Gliding Conjuration (Sif Muna gifted it to you on level 6 of the Lair of Beasts)
 25498 | Lair:6   | Noticed Fannar
 25930 | Lair:6   | Killed Fannar
 25945 | Lair:6   | Reached skill level 13 in Spellcasting
 26986 | Lair:8   | Entered Level 8 of the Lair of Beasts
 26986 | Lair:8   | Noticed Snorg
 27013 | Lair:8   | Killed Snorg
 28580 | Lair:7   | Got a fine helmet
 28591 | Lair:7   | Identified the +1 helmet "Praemati" {rElec MR+} (You found it on level 7 of the Lair of Beasts)
 29393 | Lair:8   | Reached XP level 14. HP: 73/76 MP: 12/37
 30156 | Lair:8   | Noticed Rupert
 30171 | Lair:8   | Killed Rupert
 30637 | Lair:8   | Received a gift from Sif Muna
 30638 | Lair:8   | Identified Sif Muna's Grimoire of Fiery Confrontation (Sif Muna gifted it to you on level 8 of the Lair of Beasts)
 30728 | Lair:8   | Learned a level 5 spell: Fireball
 30737 | Lair:8   | Found a viscous altar of Jiyva.
 31584 | Lair:8   | Found a blossoming altar of Fedhas.
 31846 | Lair:8   | Reached skill level 14 in Spellcasting
 32396 | Lair:8   | Reached skill level 10 in Invocations
 32507 | Lair:8   | Found a burning altar of Makhleb.
 32512 | Lair:8   | Reached skill level 5 in Fighting
 32746 | Lair:8   | Found a staircase to the Slime Pits.
 33682 | Lair:8   | Reached skill level 10 in Conjurations
 34091 | Lair:8   | Got a crude copper amulet
 34097 | Lair:8   | Identified the amulet "Jubarici" {Ward rN+ Stlth+} (You took it off a red devil on level 8 of the Lair of Beasts)
 34248 | Lair:8   | Found a gateway to Hell.
 35498 | D:11     | Noticed Grum
 35500 | D:11     | Killed Grum
 36541 | D:10     | Found a basalt altar of Yredelemnul.
 37136 | Lair:2   | Learned a level 6 spell: Deflect Missiles
 37998 | D:11     | Found Ema Chu's Armour Shop.
 38023 | D:11     | Noticed Urug
 38026 | D:11     | Killed Urug
 38029 | D:11     | Noticed Erolcha
 38031 | D:11     | Killed Erolcha
 38608 | D:11     | Received a gift from Sif Muna
 38609 | D:11     | Identified Sif Muna's Reference Book on Transformation (Sif Muna gifted it to you on level 11 of the Dungeon)
 38802 | D:11     | Found Jagac's Antique Armour Boutique.
 38810 | D:11     | Bought a pair of glowing boots for 135 gold pieces
 38820 | D:11     | Identified a +1 pair of boots of running (You bought it in a shop on level 11 of the Dungeon)
 39033 | D:11     | Reached XP level 15. HP: 77/82 MP: 15/39
 39238 | Lair:2   | Learned a level 4 spell: Summon Lightning Spire
 39245 | Lair:2   | Learned a level 5 spell: Bolt of Magma
 39919 | D:12     | Reached skill level 15 in Spellcasting
 39930 | D:12     | Reached skill level 10 in Dodging
 40570 | D:12     | Found a staircase to the Orcish Mines.
 40798 | D:12     | Reached skill level 10 in Earth Magic
 41171 | D:12     | Reached skill level 10 in Fire Magic
 41457 | Orc:1    | Entered Level 1 of the Orcish Mines
 41933 | Orc:4    | Entered Level 4 of the Orcish Mines
 42209 | Orc:3    | Found Doreemen's Jewellery Shop.
 42374 | Orc:3    | Bought an uncursed ring of see invisible for 225 gold pieces
 42736 | Orc:1    | Noticed Maurice
 42740 | Orc:1    | Killed Maurice
 43013 | Orc:1    | You fall through a shaft!
 44612 | Orc:4    | Found a roughly hewn altar of Beogh.
 44613 | Orc:4    | Found Hatuesis' Antique Weapon Boutique.
 44683 | Orc:3    | Noticed Josephine
 44686 | Orc:3    | Killed Josephine
 45145 | Orc:4    | Found a staircase to the Elven Halls.
 45856 | Orc:4    | Found a roughly hewn altar of Beogh.
 45895 | Orc:4    | Found a roughly hewn altar of Beogh.
 46725 | Orc:4    | Found Ixuddiha's Antique Armour Emporium.
 46725 | Orc:4    | Found a roughly hewn altar of Beogh.
 46734 | Orc:4    | Found Fraufaaf's Antique Weapon Shoppe.
 46804 | Orc:4    | Found a roughly hewn altar of Beogh.
 46859 | Orc:4    | Found Doladuepn's Food Boutique.
 46950 | Orc:4    | Found a roughly hewn altar of Beogh.
 47010 | Orc:4    | Bought a faintly humming robe for 216 gold pieces
 47010 | Orc:4    | Bought the +4 robe of Night {+Inv MR+ SInv Stlth+} for 1797 gold pieces
 47022 | Orc:4    | Identified the cursed -2 robe "Bonk" {-Cast rC+ MR+ Str+5 SInv} (You bought it in a shop on level 4 of the Orcish Mines)
 47092 | Elf:1    | Entered Level 1 of the Elven Halls
 47184 | Elf:1    | Received a gift from Sif Muna
 47186 | Elf:1    | Identified Sif Muna's Grimoire of Conjuration and Fire (Sif Muna gifted it to you on level 1 of the Elven Halls)
 47894 | Elf:1    | Reached skill level 16 in Spellcasting
 47955 | Elf:1    | Found a glowing golden altar of the Shining One.
 48177 | Elf:1    | Identified the Guide on Battle Magic and the Rocks (You acquired it on level 1 of the Elven Halls)
 48186 | Elf:1    | Learned a level 6 spell: Iron Shot
 48794 | Elf:1    | Found Paeg Ree's Weapon Boutique.
 49176 | Elf:2    | Noticed Kirke
 49183 | Elf:2    | Killed Kirke
 49183 | Elf:2    | Reached XP level 16. HP: 88/90 MP: 16/40
 51081 | Elf:2    | Found a runed gate.
 51081 | Elf:2    | Found a runed gate.
 51082 | Elf:2    | Found a runed gate.
 51096 | Elf:2    | Received a gift from Sif Muna
 51099 | Elf:2    | Identified Sif Muna's Volume of Protection and Conjuration (Sif Muna gifted it to you on level 2 of the Elven Halls)
 51118 | Elf:2    | Learned a level 6 spell: Haste
 51126 | Elf:2    | Learned a level 5 spell: Iskenderun's Battlesphere
 51665 | Elf:2    | Reached skill level 17 in Spellcasting
 51672 | Elf:2    | Noticed a deep elf blademaster
 52271 | Elf:2    | Killed a deep elf blademaster
 52950 | Shoals:1 | Entered Level 1 of the Shoals
 52976 | Shoals:2 | Noticed Nessos
 52979 | Shoals:2 | Killed Nessos
 53207 | Shoals:1 | Received a gift from Sif Muna
 53311 | Shoals:1 | Identified Sif Muna's Reference Book on Confrontation (Sif Muna gifted it to you on level 1 of the Shoals)
 53496 | Shoals:2 | Got a crystal trident
 53497 | Shoals:2 | Identified the +0 trident of Tama {speed, MR+} (You found it on level 2 of the Shoals)
 54548 | Shoals:1 | Reached XP level 17. HP: 96/96 MP: 41/41
 56321 | Shoals:2 | Received a gift from Sif Muna
 56331 | Shoals:2 | Identified Sif Muna's Disquisition on the Mutagenic Rocks (Sif Muna gifted it to you on level 2 of the Shoals)
 56999 | Shoals:3 | Reached skill level 18 in Spellcasting
 57041 | Shoals:3 | Found Kotuawunt's General Store.
 57050 | Shoals:3 | Bought a scroll of acquirement for 676 gold pieces
 57261 | Shoals:3 | Reached skill level 10 in Charms
 57637 | Shoals:5 | Entered Level 5 of the Shoals
 58837 | Shoals:5 | Found Igaopp's Distillery.
 59003 | Shoals:5 | Bought a potion of heal wounds for 90 gold pieces
 59010 | Shoals:5 | Received a gift from Sif Muna
 59011 | Shoals:5 | Identified Sif Muna's Advanced Magic (Sif Muna gifted it to you on level 5 of the Shoals)
 59528 | Shoals:5 | Noticed Ilsuiw
 59667 | Shoals:5 | Killed Ilsuiw
 59699 | Shoals:5 | Gained mutation: You expend magic power (3 MP) to slightly strengthen your wands. [mutagenic glow]
 60259 | Shoals:4 | Reached XP level 18. HP: 92/103 MP: 32/43
 61608 | Shoals:5 | Got an ichor-stained morningstar
 61609 | Shoals:5 | Identified the cursed -2 morningstar "Pnemp" {freeze, +Blink rN+ MR- Int+6} (You found it on level 5 of the Shoals)
 62389 | Shoals:5 | Got a barnacled rune of Zot
 62464 | Shoals:4 | Received a gift from Sif Muna
 62571 | Lair:2   | Learned a level 7 spell: Ring of Flames
 62581 | Lair:2   | Learned a level 8 spell: Lehudib's Crystal Spear
 62642 | Snake:1  | Entered Level 1 of the Snake Pit
 62874 | Snake:1  | Found an iron altar of Okawaru.
 62943 | Snake:1  | Reached skill level 19 in Spellcasting
 64149 | Snake:2  | Noticed Nikola
 64274 | Snake:2  | Killed Nikola
 64407 | Snake:2  | Noticed Aizul
 64411 | Snake:2  | Killed Aizul
 64750 | Lair:2   | Learned a level 5 spell: Ignite Poison
 66363 | Snake:4  | Received a gift from Sif Muna
 66402 | Snake:4  | Identified Sif Muna's Handbook of Attacks (Sif Muna gifted it to you on level 4 of the Snake Pit)
 66436 | Snake:4  | Learned a level 4 spell: Force Lance
 67591 | Snake:3  | Reached XP level 19. HP: 110/110 MP: 34/44
 68190 | Snake:3  | Got a clouded amethyst amulet
 68192 | Snake:3  | Identified the amulet "Trownu" {Inacc rF+ Int+7} (You found it on level 3 of the Snake Pit)
 68690 | Snake:3  | Reached skill level 15 in Earth Magic
 69079 | Snake:4  | Found a glowing golden altar of the Shining One.
 69914 | Snake:5  | Entered Level 5 of the Snake Pit
 69982 | Snake:4  | Reached skill level 15 in Fire Magic
 70247 | Snake:4  | Reached skill level 20 in Spellcasting
 70610 | Snake:5  | Found Wapreimp's Gadget Shoppe.
 70636 | Snake:5  | Found a runed door.
 71308 | Snake:5  | Received a gift from Sif Muna
 71309 | Snake:5  | Identified Sif Muna's Collected Works on Orientation (Sif Muna gifted it to you on level 5 of the Snake Pit)
 72530 | Snake:5  | Got a serpentine rune of Zot
 73325 | Lair:2   | Learned a level 4 spell: Airstrike
 73814 | D:13     | Gained mutation: You are agile. (Dex +2) [potion of beneficial mutation]
 73819 | D:13     | Reached XP level 20. HP: 116/116 MP: 45/45
 74717 | D:13     | Reached skill level 15 in Conjurations
 75289 | D:15     | Entered Level 15 of the Dungeon
 75588 | D:14     | Received a gift from Sif Muna
 76129 | D:14     | Got a crystal morningstar
 76136 | D:14     | Identified the +8 morningstar "Nablut" {pain, MR+ Str-2 Dex+5} (You found it on level 14 of the Dungeon)
 76545 | D:14     | Found a gate to the Vaults.
 76645 | D:14     | Noticed Maud
 76648 | D:14     | Killed Maud
 77317 | D:15     | Found a staircase to the Depths.
 78486 | Vaults:1 | Entered Level 1 of the Vaults
 79505 | Vaults:1 | Found Frewk's Jewellery Shoppe.
 79521 | Vaults:1 | Reached skill level 10 in Fighting
 79614 | Vaults:1 | Received a gift from Sif Muna
 79890 | Vaults:1 | Reached skill level 10 in Translocations
 80177 | Lair:2   | Learned a level 7 spell: Controlled Blink
 80567 | Vaults:2 | Reached skill level 21 in Spellcasting
 82076 | Vaults:1 | Reached XP level 21. HP: 122/122 MP: 46/46
 82255 | Vaults:1 | Received a gift from Sif Muna
 82332 | Vaults:1 | Identified Sif Muna's Incunabulum of Dislocated Aid (Sif Muna gifted it to you on level 1 of the Vaults)
 82841 | Vaults:1 | Lost mutation: You expend magic power (3 MP) to slightly strengthen your wands. [potion of cure mutation]
 82841 | Vaults:1 | Lost mutation: You are agile. (Dex +2) [potion of cure mutation]
 82843 | Vaults:1 | Identified Poidomagg's Incunabulum of the Poisonous Entourage (You found it on level 1 of the Vaults)
 83880 | Vaults:2 | Noticed Wiglaf
 83885 | Vaults:2 | Killed Wiglaf
 84007 | Vaults:2 | Found Puoruiv's Antique Weapon Emporium.
 84014 | Vaults:2 | Bought a translucent morningstar for 378 gold pieces
 84016 | Vaults:2 | Identified the +7 morningstar "Ruacafeawk" {holy, Noisy +Fly rPois rN+ MR+} (You bought it in a shop on level 2 of the Vaults)
 85456 | Vaults:2 | Received a gift from Sif Muna
 85457 | Vaults:2 | Identified Phiosuwn's Collected Works on Combat Magic and Changing (Sif Muna gifted it to you on level 2 of the Vaults)
 85802 | Vaults:2 | Found a staircase to the Crypt.
 88455 | Vaults:3 | Found Rorasis' Weapon Shoppe.
 88743 | Vaults:3 | Reached skill level 22 in Spellcasting
 89468 | Vaults:3 | Reached XP level 22. HP: 128/128 MP: 13/47
 90129 | Vaults:3 | Received a gift from Sif Muna
 90130 | Vaults:3 | Identified Blar's Compendium of Torrid Conjuration (Sif Muna gifted it to you on level 3 of the Vaults)
 91116 | Lair:2   | Learned a level 9 spell: Fire Storm
 91128 | Lair:2   | Learned a level 9 spell: Shatter
 91586 | Vaults:4 | Noticed Jory
 91594 | Vaults:4 | Killed Jory
 92337 | Vaults:4 | Noticed Mara
 92342 | Vaults:4 | Killed Mara
 92954 | Vaults:4 | Noticed Frederick
 92957 | Vaults:4 | Killed Frederick
 93493 | Vaults:4 | Received a gift from Sif Muna
 93494 | Vaults:4 | Identified Kaopuurph's Grimoire of Good Luck and Dislocation (Sif Muna gifted it to you on level 4 of the Vaults)
 93587 | Vaults:4 | Found a radiant altar of Vehumet.
 93629 | Vaults:4 | Got a heavily runed hat
 93640 | Vaults:4 | Identified the +0 hat of Dishonesty {Str+2} (You found it on level 4 of the Vaults)
 94091 | Depths:1 | Entered Level 1 of the Depths
 94973 | Depths:1 | Noticed faibistes' ghost (great DEWz)
 94974 | Depths:1 | Killed faibistes' ghost
 95272 | Depths:2 | Reached skill level 23 in Spellcasting
 95273 | Depths:2 | Received a gift from Sif Muna
 95724 | Depths:2 | Reached XP level 23. HP: 83/135 MP: 14/48
 96046 | Depths:2 | Identified Sif Muna's Grimoire of Creative Transmigration (Sif Muna gifted it to you on level 2 of the Depths)
 96529 | Lair:2   | Learned a level 6 spell: Bolt of Cold
 97109 | Depths:1 | Found a bloodstained altar of Trog.
 97127 | Depths:1 | Got a smoking hat
 97138 | Depths:1 | Identified the +1 hat of Imperfection {-Tele rF+ Regen+ MP-9 Str-3} (You found it on level 1 of the Depths)
 97289 | Depths:2 | Found a gateway to a ziggurat.
 97431 | Depths:2 | Reached skill level 1 in Ice Magic
 97918 | Depths:2 | Found a one-way gate leading to the halls of Pandemonium.
 98201 | Depths:2 | Received a gift from Sif Muna
 98206 | Depths:2 | Identified Sif Muna's Catalogue of Ashen Transformation (Sif Muna gifted it to you on level 2 of the Depths)
 99201 | Depths:2 | Got a shimmering short sword
 99202 | Depths:2 | Identified the +5 short sword of Imbalance {holy, *Rage rC+ Str+8} (You found it on level 2 of the Depths)
 99701 | Depths:3 | Reached skill level 5 in Ice Magic
100120 | Depths:4 | HP: 5/136 [deep troll (13)]
100437 | Depths:3 | Received a gift from Sif Muna
100541 | Depths:3 | Identified Sif Muna's Arcane Secrets of Spellweaving (Sif Muna gifted it to you on level 3 of the Depths)
101335 | Depths:3 | Reached skill level 24 in Spellcasting
101773 | Depths:4 | Reached XP level 24. HP: 142/142 MP: 0/49
102082 | Depths:4 | Received a gift from Sif Muna
102083 | Depths:4 | Identified Xoelapp's Catalogue of Destructive Cold (Sif Muna gifted it to you on level 4 of the Depths)
102228 | Depths:3 | Learned a level 6 spell: Freezing Cloud
102835 | Depths:3 | Found a portal to a secret trove of treasure.
103695 | Depths:5 | Entered Level 5 of the Depths
105425 | Depths:3 | You paid a toll of a +2 storm dragon armour to enter a treasure trove
105426 | Trove    | Entered a treasure trove
105557 | Depths:4 | Found a one-way gate to the infinite horrors of the Abyss.
105592 | Depths:4 | Received a gift from Sif Muna
105597 | Depths:4 | Identified Sif Muna's Volume of Malediction and the Glacier (Sif Muna gifted it to you on level 4 of the Depths)
105999 | Depths:5 | Found a gate to the Realm of Zot.
106479 | Depths:5 | Found Sawunor's Food Emporium.
106618 | Depths:5 | Found Gimill's Gadget Shop.
106776 | Depths:5 | Reached skill level 25 in Spellcasting
107209 | Depths:5 | Found Anoafil's Assorted Antiques.
107232 | Depths:5 | Bought a potion of ambrosia for 208 gold pieces
107232 | Depths:5 | Bought a scroll of recharging for 247 gold pieces
107232 | Depths:5 | Bought an agate ring for 130 gold pieces
107232 | Depths:5 | Bought a scroll of recharging for 247 gold pieces
108390 | Elf:3    | Entered Level 3 of the Elven Halls
108502 | Elf:3    | Reached skill level 10 in Ice Magic
108991 | Elf:3    | Received a gift from Sif Muna
108997 | Elf:3    | Identified Sif Muna's Handbook of Supportive Evil (Sif Muna gifted it to you on level 3 of the Elven Halls)
109085 | Elf:3    | Reached XP level 25. HP: 84/148 MP: 10/49
109914 | Elf:3    | Got an ebony scythe
109915 | Elf:3    | Identified the +6 scythe of the Genius {flame, rElec rF- Int+2 Dex+6} (You took it off a deep elf annihilator on level 3 of the Elven Halls)
110203 | Elf:3    | Got a fine amethyst amulet
110207 | Elf:3    | Identified the amulet of Gozag's Benevolence {Ward rN+ MP+9 Str-4 Int+4} (You took it off a deep elf fighter on level 3 of the Elven Halls)
110208 | Elf:3    | Got an ancient whip
110209 | Elf:3    | Lost strength.
110209 | Elf:3    | Identified the cursed +3 whip of Certain Death {distort, +Inv rPois MR+ Str-5} (You took it off a deep elf fighter on level 3 of the Elven Halls)
110476 | Elf:3    | Identified a +2 pair of boots of running (You found it on level 3 of the Elven Halls)
110522 | Elf:3    | Identified Sif Muna's Handbook of Assistive Attacks
110887 | Vaults:5 | Entered Level 5 of the Vaults
110888 | Vaults:5 | Received a gift from Sif Muna
111358 | Vaults:5 | Noticed an ancient lich
111359 | Vaults:5 | Killed an ancient lich
111359 | Vaults:5 | Reached skill level 26 in Spellcasting
111567 | Vaults:5 | Received a gift from Sif Muna
112596 | Vaults:5 | Received a gift from Sif Muna
112949 | Vaults:5 | Reached XP level 26. HP: 156/156 MP: 50/50
113211 | Vaults:5 | Identified Sif Muna's Catalogue of Creative Enchantment (Sif Muna gifted it to you on level 5 of the Vaults)
113213 | Vaults:5 | Identified Sif Muna's Almanac of Hexes (Sif Muna gifted it to you on level 5 of the Vaults)
113215 | Vaults:5 | Identified Sif Muna's Grimoire of Summoning (Sif Muna gifted it to you on level 5 of the Vaults)
114189 | Vaults:5 | Got a silver rune of Zot
115822 | Vaults:5 | Received a gift from Sif Muna
115917 | Vaults:5 | Identified Sif Muna's Almanac of Illusion (Sif Muna gifted it to you on level 5 of the Vaults)
116319 | Lair:2   | Learned a level 9 spell: Glaciate
116511 | Hell     | Entered the Vestibule of Hell
116511 | Hell     | Noticed Geryon
116515 | Hell     | Killed Geryon
116856 | Hell     | Reached skill level 27 in Spellcasting
117715 | Hell     | Found a gateway to the ashen valley of Gehenna.
117912 | Hell     | Found a gateway to the decaying netherworld of Tartarus.
118137 | Hell     | Found a gateway to the freezing wastes of Cocytus.
118206 | Hell     | Found a gateway to the Iron City of Dis.
118581 | Lair:8   | Received a gift from Sif Muna
119104 | Lair:2   | Learned a level 8 spell: Necromutation
119115 | Lair:2   | Learned a level 8 spell: Death's Door
119121 | Lair:2   | Learned a level 5 spell: Shadow Creatures
119978 | Zot:1    | Entered Level 1 of the Realm of Zot
120026 | Zot:2    | Reached skill level 1 in Necromancy
121125 | Zot:1    | Reached skill level 5 in Transmutations
121917 | Zot:2    | Received a gift from Sif Muna
121982 | Zot:1    | Reached XP level 27. HP: 155/162 MP: 31/50
122180 | Zot:2    | Reached skill level 15 in Ice Magic
122181 | Zot:2    | Noticed an orb of fire
122190 | Zot:2    | Gained mutation: You have difficulty communicating with the divine. [an orb of fire]
122191 | Zot:2    | Gained mutation: Your body is slowly deteriorating. [an orb of fire]
122382 | Zot:2    | Killed an orb of fire
122382 | Zot:2    | Reached skill level 5 in Necromancy
123628 | Zot:4    | Received a gift from Sif Muna
124208 | Zot:3    | Lost mutation: Your body is slowly deteriorating. [potion of cure mutation]
124208 | Zot:3    | Lost mutation: You have difficulty communicating with the divine. [potion of cure mutation]
126027 | Zot:3    | Received a gift from Sif Muna
127317 | Zot:5    | Entered Level 5 of the Realm of Zot
127447 | Zot:5    | Received a gift from Sif Muna
127447 | Zot:5    | Reached skill level 10 in Transmutations
127829 | Zot:4    | Reached skill level 10 in Necromancy
128245 | Zot:5    | Noticed an ancient lich
128251 | Zot:5    | Killed an ancient lich
128760 | Zot:5    | Received a gift from Sif Muna
128762 | Zot:5    | Noticed an orb of fire
128769 | Zot:5    | Killed an orb of fire
128832 | Zot:5    | Noticed an ancient lich
129342 | Zot:5    | Killed an ancient lich
129377 | Zot:5    | Noticed an ancient lich
129378 | Zot:5    | Killed an ancient lich
129691 | Zot:5    | Noticed an ancient lich
129694 | Zot:5    | Killed an ancient lich
129694 | Zot:5    | Received a gift from Sif Muna
129898 | Zot:5    | Noticed an orb of fire
129901 | Zot:5    | Killed an orb of fire
130247 | Zot:5    | Noticed an orb of fire
130252 | Zot:5    | Killed an orb of fire
130255 | Zot:5    | Noticed an orb of fire
130262 | Zot:5    | Noticed an ancient lich
130267 | Zot:5    | Killed an ancient lich
130285 | Zot:5    | Killed from afar by an orb of fire

Action                   |  1- 3 |  4- 6 |  7- 9 | 10-12 | 13-15 | 16-18 | 19-21 | 22-24 | 25-27 || total
-------------------------+-------+-------+-------+-------+-------+-------+-------+-------+-------++-------
Melee: Unarmed           |     1 |       |       |       |       |       |       |       |       ||     1
       Club              |     1 |       |     4 |       |       |       |       |       |       ||     5
       Short sword       |       |     1 |       |       |       |       |       |       |       ||     1
       Dagger            |       |       |    56 |   216 |   190 |       |       |       |       ||   462
       Staff             |       |       |       |       |     9 |     2 |     6 |     7 |     1 ||    25
 Cast: Magic Dart        |    99 |   147 |   368 |   264 |     7 |    44 |     3 |       |       ||   932
       Call Imp          |     3 |     3 |    11 |     2 |       |       |       |       |       ||    19
       Blink             |       |     5 |     6 |    18 |    15 |    31 |     4 |       |       ||    79
       Mephitic Cloud    |       |     8 |    17 |    39 |    21 |       |       |       |       ||    85
       Conjure Flame     |       |     5 |    29 |   112 |   105 |       |       |       |       ||   251
       Repel Missiles    |       |     1 |       |     1 |       |       |       |       |       ||     2
       Dazzling Spray    |       |       |       |   105 |    29 |       |       |       |       ||   134
       Airstrike         |       |       |       |    94 |   197 |    24 |    11 |       |       ||   326
       Sticky Flame      |       |       |       |    72 |   195 |    47 |       |       |       ||   314
       Petrify           |       |       |       |     2 |       |       |       |       |       ||     2
       Phase Shift       |       |       |       |     1 |       |       |       |       |       ||     1
       Bolt of Fire      |       |       |       |     2 |    74 |   222 |   454 |   108 |    34 ||   894
       Fireball          |       |       |       |       |   381 |   312 |   280 |    41 |       ||  1014
       Deflect Missiles  |       |       |       |       |     2 |     4 |     7 |     4 |     1 ||    18
       Summon Lightning  |       |       |       |       |     6 |       |       |       |       ||     6
       Iskenderun's Batt |       |       |       |       |       |    38 |    13 |       |       ||    51
       Haste             |       |       |       |       |       |     4 |     4 |     9 |    32 ||    49
       Iron Shot         |       |       |       |       |       |     3 |       |       |       ||     3
       Ignite Poison     |       |       |       |       |       |    17 |    30 |       |       ||    47
       Lehudib's Crystal |       |       |       |       |       |     8 |    30 |    87 |   114 ||   239
       Force Lance       |       |       |       |       |       |     4 |    63 |    35 |     2 ||   104
       Ring of Flames    |       |       |       |       |       |     3 |    40 |    12 |     3 ||    58
       Controlled Blink  |       |       |       |       |       |       |     2 |    13 |     5 ||    20
       Fire Storm        |       |       |       |       |       |       |       |   214 |   278 ||   492
       Shatter           |       |       |       |       |       |       |       |     6 |    82 ||    88
       Bolt of Cold      |       |       |       |       |       |       |       |    49 |       ||    49
       Freezing Cloud    |       |       |       |       |       |       |       |    19 |     1 ||    20
       Glaciate          |       |       |       |       |       |       |       |       |    41 ||    41
       Shadow Creatures  |       |       |       |       |       |       |       |       |     9 ||     9
       Death's Door      |       |       |       |       |       |       |       |       |     1 ||     1
       Necromutation     |       |       |       |       |       |       |       |       |    54 ||    54
Invok: Channel Energy    |       |       |     1 |    25 |    71 |   113 |   183 |   113 |   300 ||   806
       Forget Spell      |       |       |       |     1 |     3 |     6 |     2 |     4 |     2 ||    18
 Abil: Evoke Flight      |       |       |       |       |       |     3 |       |       |       ||     3
       Evoke Invisibilit |       |       |       |       |       |     2 |       |       |       ||     2
       Stop Flying       |       |       |       |       |       |     1 |       |       |       ||     1
Evoke: Wand              |       |       |       |       |     2 |       |       |       |     2 ||     4
  Use: Scroll            |       |     1 |     1 |    25 |    15 |    18 |    11 |    12 |     7 ||    90
       Potion            |       |       |       |       |       |     7 |     4 |     1 |     5 ||    17
 Stab: Confused          |       |       |     1 |     4 |     3 |       |       |       |       ||     8
       Sleeping          |       |       |     1 |     3 |       |       |       |       |       ||     4
       Invisible         |       |       |       |     9 |     2 |       |       |       |       ||    11
       Fleeing           |       |       |       |       |     1 |       |       |       |       ||     1
  Eat: Chunk             |     4 |     8 |    16 |    42 |    90 |    49 |    55 |    37 |     8 ||   309
       Fruit             |       |       |     2 |     1 |     2 |    10 |    11 |    14 |     5 ||    45
       Beef jerky        |       |       |       |     1 |       |     8 |     1 |     2 |     1 ||    13
       Bread ration      |       |       |       |     1 |       |     1 |     6 |     5 |    13 ||    26
       Pizza             |       |       |       |       |     1 |     3 |     1 |     3 |       ||     8
       Royal jelly       |       |       |       |       |       |     1 |       |       |       ||     1
       Meat ration       |       |       |       |       |       |       |       |     1 |       ||     1
